 Dungeon Crawl Stone Soup version 0.29.1-15-g9cfb28693d (webtiles) character file.

Game seed: 2452287109407769624

86 Farfigtubin the Chopper (level 4, -3/41 HPs)
             Began as a Hill Orc Fighter on Mar 10, 2023.
             Slain by Grinder (4 damage)
             ... on level 3 of the Dungeon.
             The game lasted 00:09:27 (1559 turns).

Farfigtubin the Chopper (Hill Orc Fighter)          Turns: 1559, Time: 00:09:28

Health: -3/41      AC:  9    Str: 20    XL:     4   Next: 49%
Magic:  4/4        EV:  7    Int:  8    God:
Gold:   102        SH:  4    Dex: 10    Spells: 3/3 levels left

rFire   . . .      SeeInvis .   a - +0 war axe
rCold   . . .      Faith    .   c - +0 buckler
rNeg    . . .      Spirit   .   l - +0 chain mail
rPois   .          Reflect  .   (no helmet)
rElec   .          Harm     .   (no cloak)
rCorr   .          Rampage  .   (no gloves)
Will    .....                   (no boots)
Stlth   ..........              (no amulet)
HPRegen 0.13/turn               (no ring)
MPRegen 0.09/turn               (no ring)

@: no status effects
A: no striking features
a: no special abilities


You were on level 3 of the Dungeon.
You visited 1 branch of the dungeon, and saw 3 of its levels.

You collected 102 gold pieces.

Inventory:

Hand Weapons
 a - a +0 war axe (weapon)
Missiles
 e - 17 stones (quivered)
 n - 2 atropa-tipped darts
Armour
 c - a +0 buckler (worn)
 l - a +0 chain mail (worn)
Wands
 o - a wand of iceblast (8)
Scrolls
 b - a scroll of silence {unknown}
 g - a scroll of teleportation {unknown}
 h - 2 scrolls of magic mapping {unknown}
 j - a scroll of vulnerability {unknown}
 m - a scroll of immolation {unknown}
 q - a scroll of identify {unknown}
Potions
 d - 2 potions of might
 f - 2 potions of heal wounds
 i - 2 potions of curing {unknown}
 k - 2 potions of magic {unknown}
 p - a potion of attraction {unknown}
 r - a potion of mutation {unknown}


   Skills:
 + Level 4.3 Fighting
 * Level 4.7 Axes
 + Level 3.7 Armour
 - Level 3.5 Shields


You had 3 spell levels left.
You didn't know any spells.
Your spell library contained the following spells:

 Spells                   Type           Power      Damage    Failure   Level
 Freeze                   Ice            0%         1d3       99%         1
 Frozen Ramparts          Ice            0%         1d1       100%        3
 Hailstorm                Conj/Ice       0%         3d3       100%        4


Dungeon Overview and Level Annotations

Branches:
Dungeon (3/15)

Altars:

Shops:
D:1 [

Annotations:
D:2 1 runed translucent door, Crazy Yiuf
D:3 Grinder


Message History

Grinder is heavily wounded.
Grinder closely misses you. Grinder hits you.
* * * LOW HITPOINT WARNING * * *
You closely miss Grinder.
Grinder is heavily wounded.
Grinder hits you but does no damage.
You closely miss Grinder.
Grinder is heavily wounded.
Grinder gestures at you. Pain shoots through your body!
* * * LOW HITPOINT WARNING * * *
You closely miss Grinder.
Grinder is heavily wounded.
Grinder gestures at you.
You suddenly lose the ability to move!
Grinder completely misses you.
Grinder says, "Mostly I couldn't keep them alive."
Grinder barely misses you.
You can move again.
You hit Grinder.
Grinder is heavily wounded.
Grinder gestures at you. Pain shoots through your body!
* * * LOW HITPOINT WARNING * * *
You barely miss Grinder.
Grinder is heavily wounded.
Grinder blinks!
Grinder barely misses you.
You see here an adder corpse.
You completely miss Grinder.
Grinder is heavily wounded.
Grinder drinks a potion.
Grinder is healed!
You hit Grinder but do no damage. Grinder hits you but does no damage.
You slash Grinder!
Grinder is moderately wounded.
You block Grinder's attack.
Grinder says, "Just stop there for a second..."
Grinder hits you.
* * * LOW HITPOINT WARNING * * *
You writhe in agony.
You die...

#...#
#...+
#...# #
#...####.
#........
#......
####...#
##...<..#
#..5@)###
#......!#
#.......#
#.......#
##....<..
..$.....#
#.....(..#
#.........


You could see Grinder.

Vanquished Creatures
  Jessica (D:2)
  2 adders
  A worm (D:2)
  2 ball pythons
  5 bats
  2 giant cockroaches
  6 goblins
  2 hobgoblins (D:1)
  2 jackals (D:2)
  4 quokkas (D:1)
  2 frilled lizards
  5 kobolds
  3 rats
37 creatures vanquished.

Vanquished Creatures (others)
  6 fungi
  3 plants (D:1)
9 creatures vanquished.

Grand Total: 46 creatures vanquished

Notes
Turn   | Place    | Note
-------+----------+-------------------------------------------
     0 | D:1      | Farfigtubin the Hill Orc Fighter began the quest for the
                  | Orb.
     0 | D:1      | Reached XP level 1. HP: 19/19 MP: 1/1
    76 | D:1      | Reached XP level 2. HP: 23/27 MP: 2/2
   181 | D:1      | Found Vimoset's Antique Armour Boutique.
   181 | D:1      | Found a faded altar of an unknown god.
   729 | D:2      | Reached XP level 3. HP: 33/33 MP: 3/3
   899 | D:2      | Found a runed translucent door.
   900 | D:2      | Noticed Crazy Yiuf
  1002 | D:2      | Noticed Jessica
  1049 | D:2      | Killed Jessica
  1050 | D:2      | Reached XP level 4. HP: 40/40 MP: 4/4
  1539 | D:3      | Noticed Grinder
  1552 | D:3      | Paralysed by Grinder for 2 turns
  1554 | D:3      | HP: 2/41 [Grinder/nerve-wracking pain (2)]
  1559 | D:3      | HP: 1/41 [Grinder (1)]
  1559 | D:3      | Slain by Grinder

Illustrated notes

Levels and vault maps discovered:
D:1:      lemuel_arrival_behind_the_door_small, layout_rooms,
          dreamdust_ecumenical_altar_grove, serial_shops, shop
D:2:      layout_loops_ring, chequers_serial_rivers_small_a, minmay_vboxes,
          uniq_jessica, uniq_crazy_yiuf_cottage
D:3:      layout_rooms, corexii_shack, minivault_23, uniq_grinder

Skill      XL: |  1  2  3 |
---------------+----------+-----
Axes           | 3 4 |  4.7
Fighting       | 4 |  4.3
Armour         | |  3.7
Shields        | |  3.5

Action                   |  1- 3 |  4- 6 || total
-------------------------+-------+-------++-------
Melee: War axe           |   102 |    33 ||   135
Throw: Dart              |       |     1 ||     1
Evoke: Wand              |       |     1 ||     1
Armor: Scale mail        |    30 |       ||    30
       Chain mail        |    18 |    19 ||    37
Dodge: Dodged            |    46 |     9 ||    55
Block: Buckler           |    25 |     3 ||    28
